 Dungeon Crawl Stone Soup version 0.31-a0-237-g2d982f9f85 (webtiles) character file.

Game seed: 4601490688068159586

124 qw the Shooter (level 4, -2/37 HPs)
             Began as a Minotaur Hexslinger on July 11, 2023.
             Slain by a gnoll
             ... wielding a +0 flail
              (3 damage)
             ... on level 3 of the Dungeon.
             The game lasted 00:00:43 (1863 turns).

qw the Shooter (Minotaur Hexslinger)                Turns: 1863, Time: 00:00:44

Health: -2/37      AC:  7    Str: 12    XL:     4   Next: 81%
Magic:  4/4        EV: 11    Int: 10    God:
Gold:   162        SH:  0    Dex: 15    Spells: 4/5 levels left

rFire   . . .        Y - +2 sling
rCold   . . .        (no shield)
rNeg    . . .        a - +0 ring mail
rPois   .            (helmet restricted)
rElec   .            (no cloak)
rCorr   .            e - +1 pair of gloves
SInv    .            (no boots)
Will    .....        (no amulet)
Stlth   +            (no ring)
HPRegen 0.26/turn    (no ring)
MPRegen 0.09/turn

%: no passive effects
@: no status effects
A: horns 2, retaliatory headbutt
a: no special abilities


You were on level 3 of the Dungeon.
You visited 1 branch of the dungeon, and saw 3 of its levels.

You collected 162 gold pieces.


Innate Abilities, Weirdness & Mutations

You have a pair of horns on your head.
You reflexively headbutt those who attack you in melee.


   Skills:
 + Level 2.5 Fighting
 - Level 5.0 Ranged Weapons
 - Level 1.0 Armour
 - Level 2.1 Dodging
 - Level 1.0 Spellcasting
 - Level 2.0 Hexes


You had 4 spell levels left.
You knew the following spells:

 Your Spells              Type           Power      Damage    Failure   Level
a - Slow                  Hex            16%        N/A       34%         1

Your spell library contained the following spells:

 Spells                   Type           Power      Damage    Failure   Level
 Inner Flame              Hex/Fire       2%         N/A       83%         3
 Portal Projectile        Hex/Tloc       4%         N/A       83%         3
 Cause Fear               Hex            2%         N/A       98%         4

Inventory:

Hand Weapons
 Y - a +2 sling (weapon)
Armour
 a - a +0 ring mail (worn)
 e - a +1 pair of gloves (worn)
Scrolls
 g - 2 scrolls of identify
Potions
 d - a potion of might

Dungeon Overview and Level Annotations

Branches:
Dungeon (3/15)

Altars:

Shops:
D:1 [


Message History

You shoot a sling bullet. The gnoll shouts!
The sling bullet hits the endoplasm.
You kill the endoplasm!
You hear a shout!
You shoot a sling bullet. The sling bullet hits the gnoll.
The gnoll is moderately wounded.
A gnoll comes into view. It is wielding a +0 halberd.
You shoot a sling bullet. The sling bullet hits the gnoll.
The gnoll is moderately wounded.
The gnoll hits you from afar with a +0 spear.
The gnoll hits you from afar with a +0 spear!
You shoot a sling bullet. The sling bullet hits the gnoll.
The gnoll is severely wounded.
The gnoll hits you but does no damage.
You shoot a sling bullet. The sling bullet hits the gnoll.
The gnoll is almost dead.
You shoot a sling bullet.
The sling bullet barely misses the gnoll.
You shoot a sling bullet.
The sling bullet barely misses the gnoll.
The gnoll closely misses you. The gnoll hits you with a +0 flail.
The gnoll closely misses you. x2
You shoot a sling bullet.
The sling bullet completely misses the gnoll.
The sling bullet hits the gnoll!
You kill the gnoll!
The gnoll misses you. The gnoll hits you with a +0 flail.
You shoot a sling bullet. The sling bullet hits the gnoll.
The gnoll is lightly wounded.
The gnoll hits you from afar with a +0 halberd!
The gnoll hits you with a +0 flail!
You shoot a sling bullet. The sling bullet hits the gnoll.
The gnoll is heavily wounded.
The gnoll barely misses you. The gnoll hits you with a +0 flail!
You shoot a sling bullet. The sling bullet hits the gnoll.
The gnoll is heavily wounded.
The gnoll barely misses you. The gnoll closely misses you.
The gnoll hits you with a +0 flail.
You die...

###.#### #.....<###
#.#......# #.#.##.#.#
#.#....#.# #. #.#.#..#.#
#. #.#.#..#.# #.
#####........########
#.##.....>......@.......
...#.########....gg.####
.....## #.####).#
....#.# #..# ....#
.....## #... .### ...###
##.. .# ##.## #. . #...#
## #...#


You could see 2 gnolls.

Vanquished Creatures
  A gnoll (D:3)
  6 adders
  3 dart slugs
  An orc (D:3)
  5 bats
  12 endoplasms
  2 giant cockroaches
  2 goblins (D:1)
  3 hobgoblins
  2 jackals (D:2)
  5 kobolds
  A quokka (D:1)
  5 ball pythons
  2 frilled lizards
  2 rats
52 creatures vanquished.

Notes
Turn   | Place    | Note
-------+----------+-------------------------------------------
     0 | D:1      | qw the Minotaur Hexslinger began the quest for the Orb.
     0 | D:1      | Reached XP level 1. HP: 16/16 MP: 1/1
     0 | D:1      | 0 ||| qw: Version: 0.3-a-52-g30416fa
     0 | D:1      | 0 ||| qw: Game counter: 5863
     0 | D:1      | 0 ||| qw: Melee chars always use a shield: true
     0 | D:1      | 0 ||| qw: God list: Okawaru
     0 | D:1      | 0 ||| qw: Allow faded altars: false
     0 | D:1      | 0 ||| qw: Do Orc after clearing Dungeon:15 true
     0 | D:1      | 0 ||| qw: Do second Lair branch before Depths: true
     0 | D:1      | 0 ||| qw: Lair rune preference: random
     0 | D:1      | 0 ||| qw: Goals: Normal
     0 | D:1      | 0 ||| PLANNING D:1-11
    66 | D:1      | Found a faded altar of an unknown god.
   203 | D:1      | Reached skill level 3 in Ranged Weapons
   203 | D:1      | Reached XP level 2. HP: 23/23 MP: 2/2
   215 | D:1      | Found Nazol's Antique Armour Boutique.
   230 | D:1      | 230 ||| SHOPLISTING leather armour (62 gold, have 38).
   230 | D:1      | 230 ||| SHOPLISTING ring mail (124 gold, have 38).
   729 | D:1      | 729 ||| DROPPING ring of magical power.
   730 | D:1      | 730 ||| READING scroll labelled NOKE MI ROBU.
   731 | D:1      | 731 ||| READING scroll labelled MUZE VUGIOKU.
   732 | D:1      | 732 ||| READING scroll labelled NIN CAJANLUXT.
   733 | D:1      | 733 ||| READING 2 scrolls labelled UMODAS SED.
   734 | D:1      | 734 ||| READING scroll labelled XIOKAE HAEMOCE.
   735 | D:1      | 735 ||| READING scroll labelled XEKOEG LUIPS.
   738 | D:1      | 738 ||| DROPPING scroll of poison.
   833 | D:2      | Reached XP level 3. HP: 29/29 MP: 3/3
   996 | D:2      | Reached skill level 4 in Ranged Weapons
  1286 | D:2      | Reached XP level 4. HP: 36/36 MP: 4/4
  1657 | D:2      | 1657 ||| UPGRADING to +0 ring mail.
  1667 | D:2      | 1667 ||| DROPPING +0 robe.
  1668 | D:2      | 1668 ||| UPGRADING to +0 pair of gloves.
  1673 | D:2      | 1673 ||| READING scroll of enchant armour.
  1673 | D:2      | 1673 ||| ENCHANTING +0 pair of gloves.
  1674 | D:2      | 1674 ||| READING scroll labelled RORPHUIKUWN.
  1675 | D:2      | 1675 ||| READING scroll labelled CURCHY XOCOINAI.
  1676 | D:2      | 1676 ||| READING scroll labelled POPNYE HYENWU.
  1677 | D:2      | 1677 ||| READING scroll labelled VOUDOX JIFRIG.
  1678 | D:2      | 1678 ||| DRINKING 2 green potions.
  1679 | D:2      | 1679 ||| READING 3 scrolls of identify.
  1679 | D:2      | 1679 ||| IDENTIFYING silvery potion
  1680 | D:2      | 1680 ||| DROPPING potion of berserk rage.
  1721 | D:3      | 1721 ||| STAIRDANCE
  1755 | D:3      | Reached skill level 1 in Armour
  1758 | D:3      | 1758 ||| STAIRDANCE
  1785 | D:3      | Reached skill level 5 in Ranged Weapons
  1861 | D:3      | HP: 8/37 [gnoll/+0 flail (7)]
  1862 | D:3      | HP: 1/37 [gnoll/+0 flail (7)]
  1863 | D:3      | Slain by a gnoll

Levels and vault maps discovered:
D:1:      dpeg_arrival_prison, layout_loops_ring, serial_shops, shop,
          shapermc_ecumenical_altar_venn
D:2:      layout_basic, minmay_three_crescents
D:3:      layout_loops_cross, mainiacjoe_overflow_surrounded_room

Skill      XL: |  1  2  3  4 |
---------------+-------------+-----
Ranged Weapons | 3 4 5 |  5.0
Fighting       | 2 |  2.5
Armour         | 1 |  1.0
Dodging        | |  2.1
Spellcasting   | |  1.0
Hexes          | |  2.0

Action                     |  1- 3 |  4- 6 || total
---------------------------+-------+-------++-------
   Fire: Sling             |    85 |    50 ||   135
    Use: Scroll            |     6 |     6 ||    12
         Potion            |       |     1 ||     1
 Armour: Robe              |    13 |     1 ||    14
         Ring mail         |       |     4 ||     4
  Dodge: Dodged            |    28 |    22 ||    50

Table legend:
 A = Non-vault XP
 B = Vault XP
 C = Vault XP percentage of total XP
 D = Non-vault monster count
 E = Vault monster count
 F = Vault count percentage of total count
                 A         B        C        D         E       F
            +---------+---------+-------+---------+---------+-------
      Total |     155 |      23 |  12.9 |      46 |       6 |  11.5
            +---------+---------+-------+---------+---------+-------
        D:1 |      36 |       0 |   0.0 |      20 |       0 |   0.0
        D:2 |      65 |      23 |  26.1 |      18 |       6 |  25.0
        D:3 |      54 |       0 |   0.0 |       8 |       0 |   0.0
            +---------+---------+-------+---------+---------+-------
